 Dungeon Crawl Stone Soup version 0.22-a0-305-gd21a89c (webtiles) character file.

982 vishdafish the Slasher (level 7, -2/46 HPs)
             Began as a Demonspawn Fire Elementalist on Mar 30, 2018.
             Was a Follower of Vehumet.
             Slain by Grinder (5 damage)
             ... on level 6 of the Dungeon.
             The game lasted 00:18:21 (5991 turns).

vishdafish the Slasher (DsFE)                       Turns: 5991, Time: 00:18:22

Health: -2/46      AC:  8    Str:  8    XL:     7   Next: 96%
Magic:  9/12       EV: 17    Int: 20    God:    Vehumet [*.....]
Gold:   236        SH:  0    Dex: 19    Spells: 9/13 levels left

rFire    + . .     SeeInvis .   u - +0 great sword
rCold    . . .     Gourm    .   (shield currently unavailable)
rNeg     . . .     Faith    .   r - +0 ring mail
rPois    +         Spirit   .   k - +0 helmet
rElec    .         Reflect  .   (no cloak)
rCorr    +         Harm     .   (no gloves)
MR       .....     Clarity  +   q - +0 pair of boots
Stlth    +++.......             l - amulet of the acrobat
HPRegen  0.15/turn              m - ring of resist corrosion
MPRegen  0.13/turn              (no ring)

@: agile, berserk cooldown, slowed, very slow
A: hooves 1, clarity, clever 1, fire resistance 1, poison resistance, spiny 1,
sturdy frame 2
a: Renounce Religion


You were on level 6 of the Dungeon.
You worshipped Vehumet.
Vehumet was aware of your devotion.
You were not hungry.

You visited 1 branch of the dungeon, and saw 6 of its levels.

You collected 236 gold pieces.

Inventory:

Hand Weapons
 e - a +0 spear
 j - a +0 vampiric rapier
 s - a +0 blowgun
 u - a +0 great sword (weapon)
 y - the +0 whip "Dacokudd" {speed, MR+ Int+4 Dex-2}
   (You found it on level 5 of the Dungeon)

   Attacks with this weapon are significantly faster.
   It affects your intelligence (+4).
   It affects your dexterity (-2).
   It affects your resistance to hostile enchantments.
Missiles
 w - 41 poisoned needles
Armour
 a - a +0 robe
 f - a +0 scale mail
 g - a +0 leather armour
 k - a +0 helmet (worn)
 q - a +0 pair of boots (worn)
 r - a +0 ring mail (worn)
Jewellery
 l - an amulet of the acrobat (around neck)
 m - a ring of resist corrosion (left hand)
Wands
 t - a wand of flame (27)
Scrolls
 d - 3 scrolls of remove curse
 h - 2 scrolls of fear
 i - a scroll of enchant weapon
 n - 2 scrolls of random uselessness
 p - 4 scrolls of teleportation
 x - a scroll of magic mapping
 z - 2 scrolls of noise
 B - 2 scrolls of identify
Potions
 o - a potion of agility
 v - a potion of brilliance
Comestibles
 b - 6 chunks of flesh
 c - 12 rations


   Skills:
 * Level 5.2 Long Blades
 + Level 3.9 Armour
 - Level 2.1 Dodging
 - Level 1.8 Stealth
 + Level 3.8 Spellcasting
 - Level 3.0 Conjurations
 - Level 3.1 Fire Magic


You had 9 spell levels left.
You knew the following spells:

 Your Spells              Type           Power        Failure   Level  Hunger
a - Flame Tongue          Conj/Fire      ###..        4%          1    None
b - Conjure Flame         Conj/Fire      ###.....     13%         3    ###....


Dungeon Overview and Level Annotations

Branches:
Dungeon (6/15)             Temple (0/1) D:6

Altars:
Cheibriados
Kikubaaqudgha
Makhleb
Qazlal
Trog
Uskayaw
Vehumet

Annotations:
D:6 Grinder


Innate Abilities, Weirdness & Mutations

You have large cloven feet.
Your flesh is heat resistant. (rF+)
You are partially covered in sharp spines.
Your movements are less encumbered by armour. (ER -4)
You possess an exceptional clarity of mind.
Your mind is acute. (Int +2)
Your system is resistant to poisons. (rPois)


Message History

Okay, then.
Casting: Flame Tongue (safe; 4% risk of failure)
Confirm with . or Enter, or press ? or * to list all spells.
Aiming: Flame Tongue (safe; 4% risk of failure)
Press: ? - help, Shift-Dir - straight line, f/p - Grinder
Aim: Grinder (almost dead)
The flame tongue hits Grinder.
Grinder appears unharmed.
Grinder is almost dead.
Grinder says, "There's only one good use for a tongue: cutting it out."
Grinder gestures at you. You resist with significant effort.
Casting: Flame Tongue (safe; 4% risk of failure)
Confirm with . or Enter, or press ? or * to list all spells.
Aiming: Flame Tongue (safe; 4% risk of failure)
Press: ? - help, Shift-Dir - straight line, f/p - Grinder
Aim: Grinder (almost dead)
The flame tongue hits Grinder.
Grinder is almost dead.
Grinder misses you. Grinder hits you.
You die...

#.............##.###
#..####.####........
#..####.####.###.###
#..........#........
#..##.##............
#..##.##.#.#........
#..##.##.#..........
#...........#.......
#.5@..#.#...#.......
.........#.#.#..#......(
#####...#.#.#.#....#.###
#....#.>.#..####.#
#...#.#.#.#.# #.#
#....#.#.#..# #.#
#.....#.#...# #.#
#(..........# #.#
#####...####.#


You could see Grinder.

Vanquished Creatures
  Sigmund (D:2)
  Edmund (D:5)
  A sky beast (D:6)
  2 bullfrogs
  A crimson imp (D:3)
  A jelly (D:6)
  2 bullfrog zombies (D:6)
  2 orc priests (D:4)
  A bullfrog skeleton (D:5)
  An orc wizard (D:4)
  3 iguanas
  5 adders
  A worm (D:2)
  6 dart slugs
  7 leopard geckos
  21 orcs
  7 ball pythons
  7 bats
  2 giant cockroaches
  6 goblins
  2 hobgoblins
  2 jackals (D:2)
  3 quokkas
  3 frilled lizards
  4 kobolds
  6 rats
98 creatures vanquished.

Notes
Turn   | Place    | Note
-------+----------+-------------------------------------------
     0 | D:1      | vishdafish the Demonspawn Fire Elementalist began the quest for the Orb.
     0 | D:1      | Reached XP level 1. HP: 13/13 MP: 3/3
   372 | D:1      | Gained mutation: Your movements are slightly less encumbered by armour. (ER -2) [demonic ancestry]
   372 | D:1      | Reached XP level 2. HP: 18/19 MP: 5/5
  1612 | D:2      | Noticed Sigmund
  1736 | D:3      | Reached XP level 3. HP: 21/24 MP: 4/6
  1796 | D:3      | Learned a level 3 spell: Conjure Flame
  1964 | D:3      | Reached skill level 1 in Armour
  2546 | D:3      | Found a radiant altar of Vehumet.
  2557 | D:3      | Gained mutation: You are dopey. (Int -2) [potion of mutation]
  2557 | D:3      | Gained mutation: Your muscles are strong. (Str +2) [potion of mutation]
  2563 | D:3      | Found a burning altar of Makhleb.
  2877 | D:4      | Noticed a bullfrog
  2899 | D:4      | Killed a bullfrog
  2899 | D:4      | Reached skill level 1 in Long Blades
  2899 | D:4      | Gained mutation: You are partially covered in sharp spines. [demonic ancestry]
  2899 | D:4      | Reached XP level 4. HP: 17/30 MP: 1/7
  2970 | D:4      | Reached skill level 2 in Long Blades
  2970 | D:4      | Gained mutation: You have large cloven feet. [demonic ancestry]
  2970 | D:4      | Reached XP level 5. HP: 21/35 MP: 1/8
  3489 | D:3      | Became a worshipper of Vehumet
  4051 | D:4      | Found an ancient bone altar of Kikubaaqudgha.
  4052 | D:4      | Found a stormy altar of Qazlal.
  4209 | D:4      | Gained mutation: Your movements are less encumbered by armour. (ER -4) [demonic ancestry]
  4209 | D:4      | Reached XP level 6. HP: 41/41 MP: 4/9
  4215 | D:4      | Reached skill level 3 in Long Blades
  4350 | D:5      | Entered Level 5 of the Dungeon
  4469 | D:5      | Found a bloodstained altar of Trog.
  4487 | D:5      | Noticed Edmund
  4589 | D:2      | Lost mutation: Your muscles are strong. (Str +2) [potion of mutation]
  4589 | D:2      | Lost mutation: You are dopey. (Int -2) [potion of mutation]
  4589 | D:2      | Gained mutation: Your mind is acute. (Int +2) [potion of mutation]
  4589 | D:2      | Gained mutation: You possess an exceptional clarity of mind. [potion of mutation]
  4589 | D:2      | Gained mutation: Your system is resistant to poisons. (rPois) [potion of mutation]
  4602 | D:2      | Killed Sigmund
  4619 | D:2      | Found a snail-covered altar of Cheibriados.
  4782 | D:2      | Found a hide-covered altar of Uskayaw.
  4955 | D:5      | Got a slimy whip
  4956 | D:5      | Identified the +0 whip "Dacokudd" {speed, MR+ Int+4 Dex-2} (You found it on level 5 of the Dungeon)
  5035 | D:5      | Gained mutation: Your flesh is heat resistant. (rF+) [demonic ancestry]
  5035 | D:5      | Reached XP level 7. HP: 43/46 MP: 11/11
  5038 | D:5      | Reached * piety under Vehumet
  5038 | D:5      | Offered knowledge of Shock by Vehumet.
  5038 | D:5      | Reached skill level 4 in Long Blades
  5130 | D:5      | Killed Edmund
  5768 | D:6      | Reached skill level 5 in Long Blades
  5933 | D:6      | Found a staircase to the Ecumenical Temple.
  5970 | D:6      | Noticed Grinder
  5977 | D:6      | Paralysed by Grinder for 6 turns
  5989 | D:6      | HP: 2/46 [Grinder/nerve-wracking pain (11)]
  5991 | D:6      | Slain by Grinder

Vault maps used:
D:1:      saegor_arrival_simple_b, hangedman_decor_growths, amethyst_killhole,
          minivault_26
D:2:      kennysheep_slug_shrine, lemuel_doored_altar, uniq_sigmund
D:3:      grunt_temple_overflow_lords_of_destruction
D:4:      gammafunk_temple_overflow_statue, first_ration
D:5:      kennysheep_mini, corexii_shack, saegor_snake_ambush, uniq_edmund
D:6:      minmay_temple_entry_grid, uniq_grinder

Skill      XL: |  1  2  3  4  5  6  7 |
---------------+----------------------+-----
Dodging        | 2 |  2.1
Fire Magic     | 3 |  3.1
Armour         | 1 2 3 |  3.9
Long Blades    | 1 2 3 5 |  5.2
Conjurations   | 2 3 |  3.0
Spellcasting   | 3 |  3.8
Stealth        | |  1.8

Action                   |  1- 3 |  4- 6 |  7- 9 || total
-------------------------+-------+-------+-------++-------
Melee: Spear             |   227 |    14 |       ||   241
       Unarmed           |     1 |       |       ||     1
       Great sword       |       |    59 |    40 ||    99
 Fire: Blowgun           |       |       |    12 ||    12
 Cast: Flame Tongue      |    26 |    28 |     8 ||    62
       Conjure Flame     |       |       |     3 ||     3
  Use: Potion            |    10 |     2 |     4 ||    16
       Scroll            |       |       |    10 ||    10
 Stab: Sleeping          |     2 |       |       ||     2
       Invisible         |     3 |       |       ||     3
       Distracted        |       |     1 |       ||     1
  Eat: Chunk             |     5 |     4 |     5 ||    14
       Ration            |     1 |       |       ||     1
Armor: Robe              |     4 |       |       ||     4
       Leather armour    |     9 |       |       ||     9
       Ring mail         |    39 |    43 |    20 ||   102
Dodge: Dodged            |   157 |    63 |    36 ||   256
       Rpst.: Great sword |       |    14 |     8 ||    22

Table legend:
 A = Spawn XP
 B = Non-spawn XP
 C = Spawn XP percentage of total XP
 D = Spawn monster count
 E = Non-spawn monster count
 F = Spawn count percentage of total count
 G = Total turns spent on level
                    A         B        C        D         E        F      G
               +---------+---------+-------+---------+---------+-------+---------
         Total |       0 |    1403 |   0.0 |       0 |      98 |   0.0 |  5991
               +---------+---------+-------+---------+---------+-------+---------
           D:1 |       0 |      26 |   0.0 |       0 |      13 |   0.0 |  1340
           D:2 |       0 |     248 |   0.0 |       0 |      10 |   0.0 |   697
           D:3 |       0 |     102 |   0.0 |       0 |      24 |   0.0 |  1481
           D:4 |       0 |     337 |   0.0 |       0 |      26 |   0.0 |  1229
           D:5 |       0 |     372 |   0.0 |       0 |      17 |   0.0 |   949
           D:6 |       0 |     318 |   0.0 |       0 |       8 |   0.0 |   295
               +---------+---------+-------+---------+---------+-------+---------
